 Dungeon Crawl Stone Soup version 0.31-a0-1172-g9944ec47dd (webtiles) character file.

Game seed: 14083198957445998953

1841 MackTheKnife the Basher (level 8, -3/60 HPs)
             Began as an Armataur Gladiator on Dec 10, 2023.
             Was a Priest of the Shining One.
             Slain by a wyvern (14 damage)
             ... on level 8 of the Dungeon.
             The game lasted 00:09:08 (6074 turns).

MackTheKnife the Basher (Armataur Gladiator)        Turns: 6074, Time: 00:09:09

Health: -3/60      AC: 11    Str: 19    XL:     8   Next: 87%
Magic:  0/8        EV:  8    Int:  9    God:    the Shining One [***...]
Gold:   416        SH:  0    Dex: 14    Spells: 7/7 levels left

rFire   . . .        G - +1 morningstar (freeze) {mace}
rCold   . . .        (no shield)
rNeg    + . .        b - +0 leather armour
rPois   .            c - +0 helmet
rElec   .            (no cloak)
rCorr   +            a - +0 pair of gloves
SInv    .            i - +0 barding
Will    .....        D - amulet of guardian spirit
Stlth   +            E - ring of resist corrosion
HPRegen 0.30/turn    (no ring)
MPRegen 0.11/turn

%: guardian spirit, roll
@: mighty, lethally poisoned (-3 -> -11), about to teleport, slowed, glowing,
very slow
A: large, deformed body, tough skin 3, armoured tail, roll 2, long tongue
a: Renounce Religion, Divine Shield, Cleansing Flame


You were on level 8 of the Dungeon.
You worshipped the Shining One.
The Shining One was most pleased with you.
You visited 1 branch of the dungeon, and saw 8 of its levels.

You collected 416 gold pieces.


Innate Abilities, Weirdness & Mutations

Armour fits poorly on your strangely shaped body.
You have extremely tough skin. (AC +3)
You have a long armoured tail.
You roll and regenerate health when moving toward enemies. (Rampage Heal)
Your long tongue fully drains potion bottles. (2x potion effects)


   Skills:
 + Level 4.1 Fighting
 - Level 10.0 Maces & Flails
 - Level 1.7 Throwing
 - Level 3.0 Armour
 - Level 2.1 Dodging


You had 7 spell levels left.
You didn't know any spells.
Your spell library contained the following spells:

 Spells                   Type           Power      Damage    Failure   Level
 Foxfire                  Conj/Fire      0%         2x1d4     43%         1
 Sandblast                Erth           0%         2d4       43%         1
 Passwall                 Tmut/Erth      0%         N/A       58%         2
 Stone Arrow              Conj/Erth      0%         3d7       82%         3
 Brom's Barrelling Bould  Conj/Erth      0%         2d3       99%         4
 Sticky Flame             Conj/Fire      0%         2d3       99%         4
 Lee's Rapid Deconstruct  Erth           0%         3d4*      100%        5
 Starburst                Conj/Fire      0%         6d3       100%        6

Inventory:

Hand Weapons
 A - a +4 dire flail {mace}
   (You took it off a wight on level 6 of the Dungeon)
 F - the +3 war axe "Mud Pie of Death" {heavy, Dex+4, axe}
   (You found it on level 7 of the Dungeon)

   Dex+4:     It affects your dexterity (+4).
 G - a +1 morningstar of freezing (weapon) {mace}
   (You took it off a wight on level 7 of the Dungeon)
Missiles
 d - 3 throwing nets (quivered) {=f!fthrowing}
 e - a javelin {throwing}
Armour
 a - a +0 pair of gloves (worn)
   (You found it on level 6 of the Dungeon)
 b - a +0 leather armour (worn)
 c - a +0 helmet (worn)
 i - a +0 barding (worn)
   (You found it on level 1 of the Dungeon)
Jewellery
 q - a ring of ice
   (You found it on level 3 of the Dungeon)
 D - an amulet of guardian spirit (around neck)
   (You found it on level 7 of the Dungeon)
 E - a ring of resist corrosion (left hand)
   (You found it on level 7 of the Dungeon)
Wands
 s - a wand of polymorph (5)
   (You took it off Ijyb on level 4 of the Dungeon)
Scrolls
 g - 2 scrolls of teleportation {@r4}
 p - a scroll of blinking {unknown}
 t - 2 scrolls of torment {unknown}
 u - a scroll of immolation {unknown}
 w - 2 scrolls of enchant armour {unknown}
 y - a scroll of fear {unknown}
 C - a scroll of amnesia {unknown}
Potions
 h - 2 potions of enlightenment
 j - a potion of mutation {unknown}
 o - 3 potions of degeneration {!q@e2}
 r - 2 potions of attraction {unknown}
 v - a potion of brilliance {unknown}
 x - a potion of cancellation {unknown}
 z - 2 potions of magic {unknown}
 B - a potion of lignification {unknown}

Dungeon Overview and Level Annotations

Branches:
Dungeon (8/15) Zot: 26925  Temple (0/1) D:5            Lair (0/5) D:8

Altars:
Cheibriados
Fedhas
Okawaru
Qazlal
Vehumet
The Shining One

Shops:
D:7 [

Annotations:
D:4 Dowan, Duvessa, Grinder
D:6 3 runed translucent doors, Nico3ck's ghost, novice DsGl; crawlacc's ghost, novice HOFi; gruber's ghost, novice MiHu

* #.##...y........#,**,,, *
*****#...<####?######*,,,,,~ *
*,.......#####.## ****,,~
******,....####...o..## *,,,
,,**,,,......##.......# *,,,
***,,,,.......#....y..# *,,,
**,,,,,,,...P....o....### *,,,
,,,,,,,,>......oylo.<...# *,,,
**,,,,,,,..P....@Jo).##.# **,,
***,,,,,,.....###.####*,********,
* **,,,,,....** #.# *,,,,,,,,,,,
* ***,,,..*****#.# *,*,******** *
***,,,,,,*,*..#***,*,,* *
**,,,,,>,,*,,.##*,,,**,* **
*,,*,,,,>,,*,.**,,****,* ,*
*,**,,,,,,,,,,,,,,,* *,***
,***,**,,,,,,**,,,,,*,***,,,*****


You could see a hornet, an orc warrior, a wyvern, a jelly, a killer bee, 3 orc
wizards and an orc.


Message History

You feel sick. 😨 HP[-1] MP[+1]
You take 1 damage, and now have 26/60 hp.
Unknown command.
Unknown command.
You feel sick. The killer bee stings you.
* * * LOW HITPOINT WARNING * * *
You are more poisoned.
The killer bee poisons you! 😨 HP[-5] MP[-1]
You take 5 damage, and now have 21/60 hp.
You lost 1 mp, and now have 4/8 mp.
Unknown command.
You feel sick.
The killer bee barely misses you. 😨 HP[-2]
You take 2 damage, and now have 19/60 hp.
Unknown command.
Unknown command.
Your surroundings suddenly seem different.
A jelly comes into view.
You feel sick.
The jelly quivers.
The orc wizard casts a spell at you.
The puff of flame hits something!
A magic dart appears from out of thin air!
The magic dart hits you.
* * * LOW HITPOINT WARNING * * *
The orc warrior unwields a +0 mace.
The orc warrior wields a +2 orcbow of flaming.
It bursts into flame!
The orc warrior shoots an arrow.
The arrow hits you.
* * * LOW HITPOINT WARNING * * *
The arrow burns you.
* * * LOW HITPOINT WARNING * * *
😱 HP[-9] MP[-3]
You take 9 damage, and now have 10/60 hp.
You lost 3 mp, and now have 1/8 mp.
Unknown command.
It was a potion of ambrosia.
You are confused.
You feel invigorated.
You slurp down every last drop of the potion of ambrosia!
You feel sick. The jelly hits you but does no damage.
The hornet stings you but does no damage. 😱 HP[+4] MP[+7]
You regained 4 hp, and now have 14/60 hp.
Your mp is fully restored (8).
Unknown command.
You feel better.
You slurp down every last drop of the potion of curing {@q1}!
You feel less invigorated. The wyvern bites you.
The hornet stings you but does no damage.
The jelly hits you but does no damage. The wyvern bites you.
* * * LOW HITPOINT WARNING * * *
The hornet barely misses you. 😨 HP[+15] MP[-2]
You regained 15 hp, and now have 29/60 hp.
You lost 2 mp, and now have 6/8 mp.
Unknown command.
Unknown command.
Unknown command.
As you read the scroll of teleportation {@r4}, it crumbles to dust.
You feel strangely unstable. The jelly barely misses you.
The hornet stings you!
* * * LOW HITPOINT WARNING * * *
You feel yourself slow down. The wyvern bites you.
* * * LOW HITPOINT WARNING * * *
😨 HP[-11] MP[-3]
You take 11 damage, and now have 18/60 hp.
You lost 3 mp, and now have 3/8 mp.
Unknown command.
Unknown command.
Unknown command.
Unknown command.
You feel yourself speed up. The wyvern attacks as it pursues you!
The wyvern bites you.
* * * LOW HITPOINT WARNING * * *
The orc wizard gestures wildly while chanting.
The orc wizard flickers and vanishes for a moment.
The jelly closely misses you. The wyvern bites you.
* * * LOW HITPOINT WARNING * * *
The hornet stings you!
* * * LOW HITPOINT WARNING * * *
You feel yourself slow down. The jelly barely misses you.
The orc wizard hits you but does no damage.
The wyvern barely misses you. 😱 HP[-17] MP[-3]
You take 17 damage, and now have 1/60 hp.
MASSIVE DAMAGE!! (PAUSE)
You lost 3 mp, and now have 0/8 mp.
Okay, then.
You feel better.
You slurp down every last drop of the potion of curing {@q1}!
The hornet stings you.
* * * LOW HITPOINT WARNING * * *
You are poisoned.
You feel as though you will be slow longer.
The wyvern bites you!
You die...

Skill      XL: |  1  2  3  4  5  6  7  8 |
---------------+-------------------------+-----
Fighting       | 2 3 4 |  4.1
Maces & Flails | 3 4 5 6 8 10 | 10.0
Armour         | 2 3 |  3.0
Throwing       | |  1.7
Dodging        | |  2.1

Action                     |  1- 3 |  4- 6 |  7- 9 || total
---------------------------+-------+-------+-------++-------
  Melee: Flail             |   107 |   115 |    19 ||   241
         Tailslap          |    10 |    14 |    11 ||    35
         Dire flail        |       |       |    81 ||    81
         Morningstar       |       |       |    12 ||    12
 Invoke: Divine Shield     |       |     1 |       ||     1
  Evoke: Wand              |       |     2 |       ||     2
    Use: Scroll            |     1 |     4 |     4 ||     9
         Potion            |       |     2 |     5 ||     7
 Armour: Leather armour    |    79 |    86 |   103 ||   268
  Dodge: Dodged            |    44 |    60 |    43 ||   147
  Block: Other             |       |     2 |     5 ||     7

Levels and vault maps discovered:
D:1:      dpeg_arrival_rhombi, layout_loops_ring, kennysheep_nondescript
D:2:      layout_basic, chequers_ecumenical_altar_grove,
          minmay_shallow_snake_nest
D:3:      layout_loops_ring
D:4:      layout_layer_cave, mainiacjoe_overflow_alcove_2,
          lightli_corner_chamber, uniq_grinder, uniq_blork_the_orc,
          uniq_duvessa, uniq_ijyb
D:5:      layout_rooms, nicolae_qazlal_general_emergency,
          minmay_temple_entry_proselytizer, serial_rivers,
          chequers_serial_rivers_large_b, chequers_serial_rivers_room_b,
          chequers_serial_rivers_room_a, chequers_serial_rivers_micro_b,
          chequers_serial_rivers_micro_b, chequers_serial_rivers_marsh
D:6:      layout_gridville, nicolae_vehumet_altar_sigil,
          nicolae_overflow_crystal_walls, gammafunk_ghost_cemetery
D:7:      layout_basic, fedhas_altar_2, serial_shops, shop
D:8:      layout_rooms, kennysheep_little_box, david_lair_generic,
          enter_bailey_7, serial_curves, eino_curves_04, eino_curves_04,
          serial_shops, kennysheep_mini_moat, nicolae_nh_ransacked_shop

Notes
Turn   | Place    | Note
-------+----------+-------------------------------------------
     0 | D:1      | MackTheKnife the Armataur Gladiator began the quest for the
                  | Orb.
     0 | D:1      | Reached XP level 1. HP: 16/16 MP: 1/1
     0 | D:1      | magus.rc [v1.9.6]
    77 | D:1      | Reached skill level 2 in Fighting
   170 | D:1      | Reached skill level 3 in Maces & Flails
   192 | D:1      | magus.rc [v1.9.6]
   244 | D:1      | Reached XP level 2. HP: 22/22 MP: 2/2
   572 | D:1      | Reached XP level 3. HP: 27/27 MP: 3/3
  1273 | D:2      | Reached skill level 4 in Maces & Flails
  1354 | D:2      | Found a faded altar of an unknown god.
  1416 | D:2      | Prayed at the altar of an unknown god.
  1416 | D:2      | Became a worshipper of the Shining One
  1416 | D:2      | Reached * piety under the Shining One
  1926 | D:3      | Reached XP level 4. HP: 33/33 MP: 4/4
  1933 | D:3      | You pick up a book of Geomancy and begin reading...
  1933 | D:3      | You add the spells Sandblast, Passwall, Stone Arrow and
                  | Brom's Barrelling Boulder to your library.
  2688 | D:4      | Noticed Ijyb
  2833 | D:4      | Killed Ijyb
  2834 | D:4      | Reached skill level 5 in Maces & Flails
  2834 | D:4      | Reached skill level 1 in Armour
  2867 | D:4      | Reached skill level 2 in Armour
  2867 | D:4      | Reached XP level 5. HP: 28/38 MP: 5/5
  2904 | D:4      | Noticed Blork the orc
  2911 | D:4      | Blork the orc changed into Blork the centaur
  2911 | D:4      | Noticed Blork
  2919 | D:4      | Killed Blork the centaur
  2920 | D:4      | Reached skill level 3 in Armour
  2934 | D:4      | Noticed Duvessa
  3028 | D:4      | Found an iron altar of Okawaru.
  3158 | D:4      | Noticed Grinder
  3169 | D:4      | Noticed Dowan
  3175 | D:5      | Entered Level 5 of the Dungeon
  3190 | D:5      | Reached skill level 3 in Fighting
  3190 | D:5      | Reached XP level 6. HP: 40/47 MP: 6/6
  3226 | D:5      | Reached ** piety under the Shining One
  3227 | D:5      | HP: 9/47 [hound (4)]
  3366 | D:5      | magus.rc [v1.9.6]
  3401 | D:5      | Found a staircase to the Ecumenical Temple.
  3454 | D:5      | Found a stormy altar of Qazlal.
  3585 | D:5      | Reached skill level 6 in Maces & Flails
  4162 | D:6      | Found a radiant altar of Vehumet.
  4162 | D:6      | Noticed an orc warrior
  4163 | D:6      | an orc warrior changed into a gnoll
  4341 | D:6      | Gained mutation: You roll and regenerate health when moving
                  | toward enemies. (Rampage Heal) [Armataur growth]
  4341 | D:6      | Reached XP level 7. HP: 35/51 MP: 3/7
  4347 | D:6      | Reached skill level 7 in Maces & Flails
  4484 | D:6      | You add the spells Foxfire, Sticky Flame, Lee's Rapid
                  | Deconstruction and Starburst to your library.
  4484 | D:6      | Got the Handbook of the Red Anticline
  4523 | D:6      | Found a runed translucent gate.
  4524 | D:6      | Found a runed translucent gate.
  4524 | D:6      | Found a runed translucent gate.
  4525 | D:6      | Noticed gruber's ghost (novice MiHu)
  4526 | D:6      | Noticed crawlacc's ghost (novice HOFi)
  4526 | D:6      | Noticed Nico3ck's ghost (novice DsGl)
  4570 | D:6      | Reached skill level 8 in Maces & Flails
  4639 | D:6      | Reached XP level 8. HP: 58/58 MP: 8/8
  4689 | D:6      | Found a snail-covered altar of Cheibriados.
  5003 | D:7      | Reached skill level 9 in Maces & Flails
  5331 | D:7      | Found a blossoming altar of Fedhas.
  5345 | D:7      | Identified the +3 war axe "Mud Pie of Death" {heavy, Dex+4}
  5378 | D:7      | Reached *** piety under the Shining One
  5379 | D:7      | Reached skill level 10 in Maces & Flails
  5940 | D:7      | Found Hoviluch's Armour Boutique.
  6061 | D:8      | Reached skill level 4 in Fighting
  6063 | D:8      | Noticed a hornet
  6069 | D:8      | HP: 15/60 [something/magic dart (2)]
  6073 | D:8      | HP: 1/60 [hornet (10)]
  6074 | D:8      | Slain by a wyvern

Vanquished Creatures
  2 sky beasts
  An ogre (D:6)
  2 centaurs
  2 kobold brigands (D:6)
  2 scorpions
  A bullfrog (D:7)
  8 wights
  A killer bee (D:8)
  5 howler monkeys (D:7)
  A hound (D:5)
  2 orc priests (D:5)
  A jelly (D:8)
  3 sleepcaps
  Ijyb (D:4)
  An orc wizard (D:5)
  4 adders
  A gnoll (D:6)
  4 white imps
  2 ufetubi (D:5)
  A worm (D:5)
  A dart slug (D:5)
  13 orcs
  2 endoplasms (D:1)
  6 giant cockroaches
  5 goblins
  4 hobgoblins
  16 jackals
  2 quokkas
  9 ball pythons
  5 bats
  3 frilled lizards
  8 kobolds
  9 rats
128 creatures vanquished.

Table legend:
 A = Non-vault XP
 B = Vault XP
 C = Vault XP percentage of total XP
 D = Non-vault monster count
 E = Vault monster count
 F = Vault count percentage of total count
                 A         B        C        D         E       F
            +---------+---------+-------+---------+---------+-------
      Total |    2426 |     204 |   7.8 |     121 |       7 |   5.5
            +---------+---------+-------+---------+---------+-------
        D:1 |      45 |       0 |   0.0 |      26 |       0 |   0.0
        D:2 |      20 |      17 |  45.9 |      12 |       4 |  25.0
        D:3 |      36 |       0 |   0.0 |      22 |       0 |   0.0
        D:4 |      92 |     144 |  61.0 |       5 |       2 |  28.6
        D:5 |     274 |      43 |  13.6 |      15 |       1 |   6.2
        D:6 |    1096 |       0 |   0.0 |      26 |       0 |   0.0
        D:7 |     760 |       0 |   0.0 |      13 |       0 |   0.0
        D:8 |     103 |       0 |   0.0 |       2 |       0 |   0.0
            +---------+---------+-------+---------+---------+-------

Skill      XL: |  1  2  3  4  5  6  7  8 |
---------------+-------------------------+-----
Fighting       | 2 3 4 |  4.1
Maces & Flails | 3 4 5 6 8 10 | 10.0
Armour         | 2 3 |  3.0
Throwing       | |  1.7
Dodging        | |  2.1

Action                     |  1- 3 |  4- 6 |  7- 9 || total
---------------------------+-------+-------+-------++-------
  Melee: Flail             |   107 |   115 |    19 ||   241
         Tailslap          |    10 |    14 |    11 ||    35
         Dire flail        |       |       |    81 ||    81
         Morningstar       |       |       |    12 ||    12
 Invoke: Divine Shield     |       |     1 |       ||     1
  Evoke: Wand              |       |     2 |       ||     2
    Use: Scroll            |     1 |     4 |     4 ||     9
         Potion            |       |     2 |     5 ||     7
 Armour: Leather armour    |    79 |    86 |   103 ||   268
  Dodge: Dodged            |    44 |    60 |    43 ||   147
  Block: Other             |       |     2 |     5 ||     7

Illustrated notes

Table legend:
 A = Kills in this place as a percentage of kills in the entire game.
 B = Kills by you in this place as a percentage of kills by you in the entire game.
 C = Kills by friends in this place as a percentage of kills by friends in the entire game.
 D = Other kills in this place as a percentage of other kills in the entire game.
 E = Experience gained in this place as a percentage of experience gained in the entire game.
 F = Experience gained in this place divided by the number of levels of this place that you have seen.
                   A       B       C       D       E      F
               +-------+-------+-------+-------+-------+----------------------
         Total | 100.0 | 100.0 |   N/A |   N/A | 100.0 | 328.8
       Dungeon | 100.0 | 100.0 |   N/A |   N/A | 100.0 | 328.8
               +-------+-------+-------+-------+-------+----------------------

Table legend: (Time is in decaauts)
 A = Elapsed time spent in this place.
 B = Non-inter-level travel time spent in this place.
 C = Inter-level travel time spent in this place.
 D = Time resting spent in this place.
 E = Time spent auto-exploring this place.
 F = Levels seen in this place.
 G = Mean time per level.
                   A        B        C        D        E       F      G
               +--------+--------+--------+--------+--------+-----+--------+
         Total |   6098 |   5845 |    253 |    560 |   4226 |   8 |  762.2 |
       Dungeon |   6098 |   5845 |    253 |    560 |   4226 |   8 |  762.2 |
               +--------+--------+--------+--------+--------+-----+--------+

Top non-repeatable levels by time:
     D:7: 1042 daAuts
     D:5: 950 daAuts
     D:2: 924 daAuts
     D:1: 876 daAuts
     D:6: 870 daAuts
     D:3: 787 daAuts
     D:4: 614 daAuts
     D:8: 32 daAuts
